Workbook

Sheet Revenue
A1: Month | B1: Work Income | C1: Financial Aid | D1: Ex Husband | E1: Total Monthly Revenue
A2: January | B2: 3000 | C2: 1500 | D2: 500 | E2: =SUM(B2:D2) -> 5000
A3: February | B3: 3000 | C3: 1500 | D3: 500 | E3: =SUM(B3:D3) -> 5000
A4: March | B4: 3000 | C4: 1500 | D4: 500 | E4: =SUM(B4:D4) -> 5000
A5: April | B5: 3000 | C5: 1500 | D5: 500 | E5: =SUM(B5:D5) -> 5000
A6: May | B6: 3000 | C6: 1500 | D6: 500 | E6: =SUM(B6:D6) -> 5000
A7: June | B7: 3000 | C7: 1500 | D7: 500 | E7: =SUM(B7:D7) -> 5000
A8: July | B8: 3000 | C8: 1500 | D8: 500 | E8: =SUM(B8:D8) -> 5000
A9: August | B9: 3000 | C9: 1500 | D9: 500 | E9: =SUM(B9:D9) -> 5000
A10: September | B10: 3000 | C10: 1500 | D10: 500 | E10: =SUM(B10:D10) -> 5000
A11: October | B11: 3000 | C11: 1500 | D11: 500 | E11: =SUM(B11:D11) -> 5000
A12: November | B12: 3000 | C12: 1500 | D12: 500 | E12: =SUM(B12:D12) -> 5000
A13: December | B13: 3000 | C13: 1500 | D13: 500 | E13: =SUM(B13:D13) -> 5000
E14: =SUM(E2:E13) -> 60000

Sheet Household Expenses
A1: Month | B1: Rent | C1: Utilities | D1: Groceries | E1: Gas | F1: Total Monthly Expenses
A2: January | B2: 1200 | C2: 200 | D2: 200 | E2: 30 | F2: =SUM(B2:E2) -> 1630
A3: February | B3: 1200 | C3: 200 | D3: 200 | E3: 30 | F3: =SUM(B3:E3) -> 1630
A4: March | B4: 1200 | C4: 200 | D4: 200 | E4: 30 | F4: =SUM(B4:E4) -> 1630
A5: April | B5: 1200 | C5: 200 | D5: 200 | E5: 30 | F5: =SUM(B5:E5) -> 1630
A6: May | B6: 1200 | C6: 200 | D6: 200 | E6: 30 | F6: =SUM(B6:E6) -> 1630
A7: June | B7: 1200 | C7: 200 | D7: 200 | E7: 30 | F7: =SUM(B7:E7) -> 1630
A8: July | B8: 1200 | C8: 200 | D8: 200 | E8: 30 | F8: =SUM(B8:E8) -> 1630
A9: August | B9: 1200 | C9: 200 | D9: 200 | E9: 30 | F9: =SUM(B9:E9) -> 1630
A10: September | B10: 1200 | C10: 200 | D10: 200 | E10: 30 | F10: =SUM(B10:E10) -> 1630
A11: October | B11: 1200 | C11: 200 | D11: 200 | E11: 30 | F11: =SUM(B11:E11) -> 1630
A12: November | B12: 1200 | C12: 200 | D12: 200 | E12: 30 | F12: =SUM(B12:E12) -> 1630
A13: December | B13: 1200 | C13: 200 | D13: 200 | E13: 30 | F13: =SUM(B13:E13) -> 1630

Sheet CSUDH Expenses
A1: Month | B1: Tuition | C1: Books | D1: Parking Permit | E1: Lab Fees | F1: Total School Costs
A2: January | B2: 3000 | C2: 200 | D2: 200 | E2: 0 | F2: =SUM(B2:E2) -> 3400
A3: February | B3: 0 | C3: 0 | D3: 0 | E3: 0 | F3: =SUM(B3:E3) -> 0
A4: March | B4: 0 | C4: 0 | D4: 0 | E4: 0 | F4: =SUM(B4:E4) -> 0
A5: April | B5: 0 | C5: 0 | D5: 0 | E5: 0 | F5: =SUM(B5:E5) -> 0
A6: May | B6: 0 | C6: 0 | D6: 0 | E6: 0 | F6: =SUM(B6:E6) -> 0
A7: June | B7: 0 | C7: 0 | D7: 0 | E7: 0 | F7: =SUM(B7:E7) -> 0
A8: July | B8: 0 | C8: 0 | D8: 0 | E8: 0 | F8: =SUM(B8:E8) -> 0
A9: August | B9: 3000 | C9: 200 | D9: 200 | E9: 0 | F9: =SUM(B9:E9) -> 3400
A10: September | B10: 0 | C10: 0 | D10: 0 | E10: 0 | F10: =SUM(B10:E10) -> 0
A11: October | B11: 0 | C11: 0 | D11: 0 | E11: 0 | F11: =SUM(B11:E11) -> 0
A12: November | B12: 0 | C12: 0 | D12: 0 | E12: 0 | F12: =SUM(B12:E12) -> 0
A13: December | B13: 0 | C13: 0 | D13: 0 | E13: 0 | F13: =SUM(B13:E13) -> 0
F14: =SUM(F2:F13) -> 6800

Sheet Annual Summary
A1: Month | B1: Total Revenue | C1: Household Expenses | D1: CSUDH Expenses | E1: Net Savings | F1: Column1
A2: January | B2: =Revenue!E2 -> 5000 | C2: ='Household Expenses'!F2 -> 1630 | D2: ='CSUDH Expenses'!F2 -> 3400 | E2: =B2 - (C2 + D2) -> -30
A3: February | B3: =Revenue!E3 -> 5000 | C3: ='Household Expenses'!F3 -> 1630 | D3: ='CSUDH Expenses'!F3 -> 0 | E3: =B3 - (C3 + D3) -> 3370
A4: March | B4: =Revenue!E4 -> 5000 | C4: ='Household Expenses'!F4 -> 1630 | D4: ='CSUDH Expenses'!F4 -> 0 | E4: =B4 - (C4 + D4) -> 3370
A5: April | B5: =Revenue!E5 -> 5000 | C5: ='Household Expenses'!F5 -> 1630 | D5: ='CSUDH Expenses'!F5 -> 0 | E5: =B5 - (C5 + D5) -> 3370
A6: May | B6: =Revenue!E6 -> 5000 | C6: ='Household Expenses'!F6 -> 1630 | D6: ='CSUDH Expenses'!F6 -> 0 | E6: =B6 - (C6 + D6) -> 3370
A7: June | B7: =Revenue!E7 -> 5000 | C7: ='Household Expenses'!F7 -> 1630 | D7: ='CSUDH Expenses'!F7 -> 0 | E7: =B7 - (C7 + D7) -> 3370
A8: July | B8: =Revenue!E8 -> 5000 | C8: ='Household Expenses'!F8 -> 1630 | D8: ='CSUDH Expenses'!F8 -> 0 | E8: =B8 - (C8 + D8) -> 3370
A9: August | B9: =Revenue!E9 -> 5000 | C9: ='Household Expenses'!F9 -> 1630 | D9: ='CSUDH Expenses'!F9 -> 3400 | E9: =B9 - (C9 + D9) -> -30
A10: September | B10: =Revenue!E10 -> 5000 | C10: ='Household Expenses'!F10 -> 1630 | D10: ='CSUDH Expenses'!F10 -> 0 | E10: =B10 - (C10 + D10) -> 3370
A11: October | B11: =Revenue!E11 -> 5000 | C11: ='Household Expenses'!F11 -> 1630 | D11: ='CSUDH Expenses'!F11 -> 0 | E11: =B11 - (C11 + D11) -> 3370
A12: November | B12: =Revenue!E12 -> 5000 | C12: ='Household Expenses'!F12 -> 1630 | D12: ='CSUDH Expenses'!F12 -> 0 | E12: =B12 - (C12 + D12) -> 3370
A13: December | B13: =Revenue!E13 -> 5000 | C13: ='Household Expenses'!F13 -> 1630 | D13: ='CSUDH Expenses'!F13 -> 0 | E13: =B13 - (C13 + D13) -> 3370
B15: =SUM(B2:B13) -> 60000 | E15: =SUM(E2:E13) -> 33640 | F15: =E15/B15 -> 0.56066667
